 Dungeon Crawl Stone Soup version 0.20-a0-463-g5747544 (webtiles) character file.

10864 Kriby the Grappler (level 11, 0/94 HPs)
             Began as a Troll Monk on Jan 11, 2017.
             Was a Priest of Yredelemnul.
             Killed from afar by a starcursed mass (6 damage)
             ... with an accursed screaming
             ... on level 1 of the Abyss.
             The game lasted 00:15:50 (7664 turns).

Kriby the Grappler (Troll Monk)                     Turns: 7664, Time: 00:15:50

Health: 0/94       AC:  6    Str: 21    XL:     11   Next: 41%
Magic:  18/18      EV: 17    Int:  6    God:    Yredelemnul [***...]
Gold:   448        SH:  9    Dex: 20    Spells: 10/10 levels left

rFire  + . .     SeeInvis .       - Unarmed
rCold  . . .     Gourm    +     n - +0 robe {rF+}
rNeg   + . .     Faith    .     E - +0 shield
rPois  .         Spirit   .     (helmet restricted)
rElec  .         Reflect  .     s - +0 cloak
rCorr  .         Harm     .     (gloves unavailable)
MR     .....                    (boots unavailable)
Stlth  ++........               (no amulet)
                                u - ring of positive energy
                                i - ring of loudness (curse)

@: agile
A: unfitting armour, claws 3, fast metabolism 3, gourmand, regeneration 1,
shaggy fur 1, tough skin 2
a: Recall Undead Slaves, Injury Mirror, Animate Dead, Renounce Religion


You were on level 1 of the Abyss.
You worshipped Yredelemnul.
Yredelemnul was most pleased with you.
You were not hungry.

You visited 1 branch of the dungeon, and saw 9 of its levels.
You visited the Abyss 1 time.

You collected 448 gold pieces.

Inventory:

Armour
 n - a +0 robe of fire resistance (worn)
 s - a +0 cloak (worn)
 E - a +0 shield (worn)
Jewellery
 i - a cursed ring of loudness (left claw)
 u - a ring of positive energy (right claw)
 G - an uncursed ring of stealth {unknown}
Wands
 p - a wand of lightning (8/15)
 x - a wand of polymorph (7/24)
 y - a wand of lightning (12/15)
 A - a wand of enslavement (8/24)
 B - a wand of random effects (20/48)
 C - a wand of paralysis (3/24)
 D - a wand of iceblast (10/15)
Scrolls
 c - 3 scrolls of teleportation
 d - a scroll of magic mapping
 e - a scroll of identify
 f - 2 scrolls of remove curse
 g - a scroll of immolation
 j - 2 scrolls of recharging
 H - a scroll of blinking {unknown}
 I - a scroll of amnesia {unknown}
Potions
 k - a potion of brilliance
 l - a potion of ambrosia
 q - 3 potions of curing
 z - a potion of resistance
Books
 t - a book of Changes

   Spells                             Type                      Level
   a - Beastly Appendage              Transmutation                1
   b - Sticks to Snakes               Transmutation                2
   c - Spider Form                    Transmutation/Poison         3
   d - Ice Form                       Ice/Transmutation            4
   e - Blade Hands                    Transmutation                5
 v - a book of Conjurations

   Spells                             Type                      Level
   a - Magic Dart                     Conjuration                  1
   b - Searing Ray                    Conjuration                  2
   c - Dazzling Spray                 Conjuration/Hexes            3
   d - Fulminant Prism                Conjuration/Hexes            4
   e - Iskenderun's Mystic Blast      Conjuration                  4
   f - Iskenderun's Battlesphere      Conjuration/Charms           5
Comestibles
 a - 3 fruits
 b - 8 bread rations
 h - 3 meat rations
 o - 3 beef jerkies
 w - 2 royal jellies


   Skills:
 - Level 2.4 Fighting
 - Level 5.9 Dodging
 - Level 1.0 Stealth
 * Level 3.2 Shields
 + Level 13.4 Unarmed Combat
 - Level 11.0 Invocations


You had 10 spell levels left.
You didn't know any spells.

Dungeon Overview and Level Annotations

Branches:
Dungeon (9/15)             Temple (0/1) D:7
   Lair: D:8-11         Orc: D:9-12

Altars:
Dithmenos
Fedhas
Gozag
Okawaru
Qazlal
Ru
Trog
Xom
Yredelemnul

Annotations:
D:9 Psyche


Innate Abilities, Weirdness & Mutations

You are too large for most types of armour.
You have claws for hands.
Your metabolism is lightning-fast.
You like to eat raw meat.
Your natural rate of healing is unusually fast.
You are covered in fur. (AC +1)
You have very tough skin. (AC +2)


Message History

You barely miss the raiju.
The raiju is heavily wounded.
A starcursed mass splits.
The raiju misses you.
A large abomination comes into view.
A starcursed mass splits.
You claw the raiju!
The raiju is almost dead.
The raiju misses you.
Your shield prevents you from hitting the raiju.
The raiju is almost dead.
A chorus of shrieks assaults your mind.
* * * LOW HITPOINT WARNING * * *
You scratch the raiju.
The raiju is almost dead.
The raiju misses you.
You scratch the raiju.
The raiju is almost dead.
A chorus of shrieks assaults your mind.
You die...
Your body rises from the dead as a mindless zombie.

#.#.#.#...# ##
.##.###. #
...#... #
##...#. #. #.#.
....#
#....#.###
###..#... ##
#.##..... #
#.@#..# ..##
#X..#.h##..#..#
#.#.#>..# .#.
.# .X...#.# #.
# ......#.# .#
..#X..#... .
.ยง.... .# #.
..... ... .
#... ....


You could see 2 starcursed masses, a large abomination and a raiju.

Vanquished Creatures
  Pikel (D:7)
  The ghost of WhatIsLove the Conjurer, a novice OpCj of Sif Muna (D:6)
  Maurice (D:8)
  Grinder (D:3)
  4 slime creatures (D:8)
  3 starcursed masses (Abyss:1)
  A wraith (D:8)
  A ynoxinul (Abyss:1)
  Eustachio (D:6)
  2 large abominations (Abyss:1)
  Menkaure (D:7)
  Edmund (D:6)
  A water moccasin (D:7)
  2 sky beasts (D:6)
  3 ice beasts
  2 orc warriors
  A phantom (D:5)
  A black bear (D:4)
  3 slaves (D:7)
  3 ogres
  2 centaurs
  A bullfrog (D:7)
  2 small abominations (Abyss:1)
  4 wights (D:5)
  A howler monkey (D:5)
  A bullfrog zombie (D:5)
  2 hounds
  A centaur skeleton (D:7)
  2 jellies
  A bullfrog skeleton (D:4)
  3 orc priests
  Jessica (D:3)
  Natasha (thrice) (D:3)
  5 worker ants
  5 orc wizards
  3 hound skeletons
  A howler monkey zombie (D:7)
  A worker ant zombie (D:4)
  12 adders
  A shadow imp (D:6)
  An ooze (D:2)
  An adder skeleton (D:4)
  An adder zombie (D:8)
  3 worms
  2 dart slugs
  4 leopard geckos
  9 orcs
  A ball python (D:3)
  4 giant cockroaches
  6 hobgoblins
  4 jackals (D:4)
  4 quokkas
  12 bats
  6 frilled lizards
  4 goblins
  5 kobolds
  A quokka skeleton (D:7)
  A quokka zombie (D:7)
  9 rats
164 creatures vanquished.

Vanquished Creatures (others)
  A slave (D:7)
  A mummy (Abyss:1)
2 creatures vanquished.

Grand Total: 166 creatures vanquished

Notes
Turn   | Place    | Note
-------+----------+-------------------------------------------
     0 | D:1      | Kriby the Troll Monk began the quest for the Orb.
     0 | D:1      | Reached XP level 1. HP: 22/22 MP: 0/0
    64 | D:1      | Reached XP level 2. HP: 24/29 MP: 1/1
   229 | D:1      | Reached skill level 4 in Unarmed Combat
   364 | D:1      | Reached XP level 3. HP: 28/36 MP: 2/2
   606 | D:2      | Found a faded altar of an unknown god.
   884 | D:2      | Found a sacrificial altar of Ru.
   892 | D:2      | Reached XP level 4. HP: 43/44 MP: 3/3
   956 | D:2      | Reached skill level 5 in Unarmed Combat
  1288 | D:2      | Found a bloodstained altar of Trog.
  1503 | D:2      | Found a shadowy altar of Dithmenos.
  1506 | D:2      | Reached XP level 5. HP: 50/50 MP: 4/4
  1757 | D:3      | Noticed Grinder
  1766 | D:3      | Killed Grinder
  1766 | D:3      | Reached skill level 6 in Unarmed Combat
  1766 | D:3      | Reached XP level 6. HP: 26/59 MP: 5/5
  2115 | D:3      | Noticed Natasha
  2125 | D:3      | Killed Natasha
  2187 | D:3      | Noticed Natasha
  2195 | D:3      | Killed Natasha
  2202 | D:3      | Noticed Natasha
  2214 | D:3      | Killed Natasha
  2318 | D:3      | Noticed Jessica
  2328 | D:3      | Killed Jessica
  2593 | D:4      | Reached skill level 7 in Unarmed Combat
  2641 | D:4      | Reached XP level 7. HP: 64/66 MP: 6/6
  3181 | D:4      | Found a basalt altar of Yredelemnul.
  3185 | D:4      | Found an opulent altar of Gozag.
  3229 | D:4      | Found a stormy altar of Qazlal.
  3257 | D:4      | Became a worshipper of Yredelemnul the Dark
  3257 | D:4      | Reached * piety under Yredelemnul
  3257 | D:4      | Reached ** piety under Yredelemnul
  3318 | D:5      | Entered Level 5 of the Dungeon
  3329 | D:5      | Found a blossoming altar of Fedhas.
  3347 | D:5      | Reached skill level 8 in Unarmed Combat
  3537 | D:5      | Reached skill level 1 in Invocations
  3713 | D:5      | Reached XP level 8. HP: 74/74 MP: 7/7
  3848 | D:5      | Reached skill level 5 in Dodging
  3935 | D:5      | Reached skill level 9 in Unarmed Combat
  4235 | D:5      | Reached skill level 10 in Invocations
  4235 | D:5      | Reached XP level 9. HP: 80/80 MP: 8/16
  4236 | D:5      | Reached skill level 12 in Unarmed Combat
  4236 | D:5      | Reached XP level 10. HP: 88/88 MP: 8/17
  4439 | D:6      | Noticed Eustachio
  4446 | D:6      | Killed Eustachio
  4490 | D:6      | Noticed WhatIsLove's ghost (novice OpCj)
  4508 | D:6      | Killed WhatIsLove's ghost
  4670 | D:6      | Noticed Edmund
  4680 | D:6      | Killed Edmund
  4928 | D:7      | Noticed Pikel
  4940 | D:7      | Killed Pikel
  4960 | D:7      | Found a shimmering altar of Xom.
  5519 | D:7      | Noticed Menkaure
  5520 | D:7      | Found a staircase to the Ecumenical Temple.
  5526 | D:7      | Killed Menkaure
  5530 | D:7      | Reached XP level 11. HP: 79/94 MP: 18/18
  5599 | D:7      | Found an iron altar of Okawaru.
  6050 | D:8      | Noticed Maurice
  6062 | D:8      | Paralysed by something for 6 turns
  6070 | D:8      | Killed Maurice
  6070 | D:8      | Reached skill level 13 in Unarmed Combat
  6296 | D:8      | Reached *** piety under Yredelemnul
  7059 | D:8      | Reached skill level 1 in Shields
  7496 | D:9      | Noticed Psyche
  7497 | D:9      | Cast into level 1 of the Abyss (Psyche)
  7541 | Abyss:1  | Noticed a starcursed mass
  7563 | Abyss:1  | Killed a starcursed mass
  7571 | Abyss:1  | Killed a starcursed mass
  7572 | Abyss:1  | Killed a starcursed mass
  7603 | Abyss:1  | Received a gift from Yredelemnul (a mummy)
  7613 | Abyss:1  | Noticed a starcursed mass
  7656 | Abyss:1  | Noticed a starcursed mass
  7664 | Abyss:1  | Killed from afar by a starcursed mass

Vault maps used:
D:1:      saegor_arrival_simple_c, minmay_misc_feat_x, lemuel_another_geyser
D:2:      grunt_dithmenos_smoke_and_mirrors,
          nicolae_ru_great_annihilating_truth, marbit_many_paths,
          chequers_ecumenical_altar_simple
D:3:      feat_on_display, uniq_grinder, uniq_natasha, uniq_jessica
D:4:      black_bear_nest_2, nicolae_qazlal_eye_of_the_storm, minitemple
D:5:      first_bread, basic_altar
D:6:      kennysheep_generic_room_12, uniq_edmund, uniq_eustachio
D:7:      overflow_temple_1_default, nicolae_overflow_hidden_temple, uniq_pikel,
          uniq_menkaure
D:8:      uniq_maurice
D:9:      lightli_temple_of_fire, nemelex_xobeh_ov_fountains_minmay,
          david_lair_shrubbed, blue_anna_alchemist, uniq_erolcha, uniq_psyche,
          uniq_grum

Skill      XL: |  1  2  3  4  5  6  7  8  9 10 11 |
---------------+----------------------------------+-----
Unarmed Combat | 4 5 6 7 8 9 12 13 | 13.4
Dodging        | 3 4 5 |  5.9
Invocations    | 1 10 11 | 11.0
Shields        | 3 |  3.2
Fighting       | |  2.4
Stealth        | |  1.0

Action                   |  1- 3 |  4- 6 |  7- 9 | 10-12 || total
-------------------------+-------+-------+-------+-------++-------
Melee: Unarmed           |   102 |   126 |   108 |   262 ||   598
       Punch             |     1 |     4 |     7 |     7 ||    19
Evoke: Wand              |       |       |       |     2 ||     2
  Use: Scroll            |       |       |     5 |     7 ||    12
       Potion            |       |       |     2 |     4 ||     6
 Stab: Sleeping          |     1 |     2 |       |       ||     3
       Paralysed         |       |     1 |       |       ||     1
       Distracted        |       |       |       |     1 ||     1
  Eat: Chunk             |    14 |    16 |     6 |    25 ||    61
       Bread ration      |       |       |       |     2 ||     2
Armor: Robe              |    34 |    27 |    19 |    40 ||   120
       Skin              |       |     1 |       |       ||     1
Dodge: Dodged            |    47 |    58 |    57 |    82 ||   244
Block: Shield            |       |       |       |    20 ||    20
